 Dungeon Crawl Stone Soup version 0.18-a0-1292-ge8ad84c (webtiles) character file.

40 abixa the Charmwright (level 3, -1/27 HPs)
             Began as a Human Skald on Feb 9, 2016.
             Slain by an adder (5 damage)
             ... on level 2 of the Dungeon.
             The game lasted 00:02:03 (775 turns).

abixa the Charmwright (Human Skald)                  Turns: 775, Time: 00:02:03

Health: -1/27      AC:  3    Str: 12    XL:     3   Next: 72%
Magic:  4/6        EV: 11    Int: 13    God:
Gold:   62         SH:  0    Dex: 12    Spells: 2 memorised, 3 levels left

rFire  . . .     SeeInvis .     a - +0 spear
rCold  . . .     Gourm    .     b - +0 leather armour
rNeg   . . .     Faith    .     (no shield)
rPois  .         Spirit   .     (no helmet)
rElec  .         Dismiss  .     (no cloak)
rCorr  .         Reflect  .     (no gloves)
SustAt .         Harm     .     (no boots)
MR     .....                    (no amulet)
Stlth  +.........               (no ring)
                                (no ring)

@: lethally poisoned (-1 -> -10), infused, very slightly contaminated, not
resistant to hostile enchantments, very unstealthy
A: no striking features
a: no special abilities


You were on level 2 of the Dungeon.
You were not hungry.

You visited 1 branch of the dungeon, and saw 2 of its levels.

You collected 62 gold pieces.

Inventory:

Hand Weapons
 a - a +0 spear (weapon)
Missiles
 e - 46 stones (quivered)
 g - 13 arrows
 m - 60 sling bullets
Armour
 b - a +0 leather armour (worn)
Jewellery
 n - an uncursed amulet of regeneration {unknown}
Scrolls
 i - 2 scrolls of identify {unknown}
 k - 2 scrolls of blinking {unknown}
 l - a scroll of fog {unknown}
 p - a scroll of remove curse {unknown}
Potions
 h - 3 potions of lignification {unknown}
 j - a potion of curing {unknown}
 o - a potion of haste
Books
 c - a book of Battle

   Spells                             Type                      Level
   a - Infusion                       Charms                       1
   b - Shroud of Golubria             Charms/Translocation         2
   c - Song of Slaying                Charms                       2
   d - Spectral Weapon                Hexes/Charms                 3
   e - Regeneration                   Charms/Necromancy            3
Comestibles
 d - 2 bread rations
 f - 2 beef jerkies


   Skills:
 - Level 2.0 Fighting
 - Level 2.0 Polearms
 - Level 1.0 Armour
 - Level 1.0 Dodging
 - Level 2.0 Spellcasting
 + Level 4.4 Charms


You had 3 spell levels left.
You knew the following spells:

 Your Spells              Type           Power        Failure   Level  Hunger
a - Infusion              Chrm           ##..         8%          1    ##.....
b - Song of Slaying       Chrm           ##......     12%         2    ###....


Dungeon Overview and Level Annotations

Branches:
Dungeon (2/15)

Altars:


Message History

You are more poisoned.
The adder poisons you!
You miss the adder.
You feel sick. The adder bites you but does no damage.
You barely miss the adder. The adder bites you.
You are lethally poisoned!
The adder poisons you!
You closely miss the adder.
You feel sick. The adder completely misses you.
You barely miss the adder.
You feel sick. The adder barely misses you. The adder bites you.
* * * LOW HITPOINT WARNING * * *
You closely miss the adder. The adder bites you.
* * * LOW HITPOINT WARNING * * *
You closely miss the adder.
* * * LOW HITPOINT WARNING * * *
You feel sick. The adder bites you but does no damage.
You hit the adder.
The adder is lightly wounded.
* * * LOW HITPOINT WARNING * * *
You feel sick. The adder bites you.
You die...

..######.......>...# ..#
#########...# ..#########
##.## ..........# #.## ##
.####.....#######..###...
.####......#.............
...##......#.####...##...
##.##........####...# #
##.##.#.##.#.#..@S..##
......#†##.#.#.##....#
##.####.##....†)...#.#
##.####.####<........#
#.#..<..####.#.#######
##.###.........# ###
#.####.#### ### ###


You could see an adder.

Vanquished Creatures
  2 adders (D:2)
  A giant cockroach (D:1)
  A goblin (D:1)
  3 hobgoblins
  2 bats (D:1)
  A giant newt (D:2)
  4 kobolds (D:1)
  13 rats (D:1)
27 creatures vanquished.

Notes
Turn   | Place    | Note
--------------------------------------------------------------
     0 | D:1      | abixa the Human Skald began the quest for the Orb.
     0 | D:1      | Reached XP level 1. HP: 16/16 MP: 3/3
    27 | D:1      | Reached XP level 2. HP: 22/22 MP: 3/5
   511 | D:1      | Reached skill level 4 in Charms
   511 | D:1      | Reached XP level 3. HP: 12/27 MP: 2/6
   613 | D:1      | Learned a level 2 spell: Song of Slaying
   775 | D:2      | Slain by an adder

Vault maps used:
D:1:      erik_arrival_orb_chamber
D:2:      lemuel_coloured_pillars_altar, first_bread

Action                   || total
-------------------------++-------
Melee: Spear             ||    90
 Cast: Infusion          ||     5
